 Dungeon Crawl Stone Soup version 0.16-a0-3606-g1520cdc (webtiles) character file.

64 PolkaDot the Vexing (level 3, -1/24 HPs)
             Began as a Vampire Enchanter on Jan 13, 2015.
             Slain by a goblin
             ... wielding a +0 club
              (4 damage)
             ... on level 2 of the Dungeon.
             The game lasted 00:02:49 (1956 turns).

PolkaDot the Vexing (Vampire Enchanter)             Turns: 1956, Time: 00:02:50

Health: -1/24      AC:  4    Str:  7    XL:     3   Next: 91%
Magic:  4/6        EV: 12    Int: 18    God:
Gold:   80         SH:  0    Dex: 14    Spells: 2 memorised, 3 levels left

rFire  . . .     SeeInvis +     a - +1 dagger
rCold  + + .     Clarity  .     b - +1 robe
rNeg   + + +     SustAb   +     (no shield)
rPois  +         Gourm    .     (no helmet)
rElec  .         Spirit   .     m - +0 cloak
rCorr  .         Warding  .     (no gloves)
rMut   .         Stasis   .     (no boots)
MR     .....                    (no amulet)
Stlth  +++.......               k - ring of sustain abilities
                                f - ring of wizardry

@: regenerating slowly, not resistant to hostile enchantments, fairly stealthy
A: bottle blood, fangs 3, see invisible, unbreathing
a: Bat Form


You were on level 2 of the Dungeon.
You were near bloodless.

You visited 1 branch of the dungeon, and saw 2 of its levels.

You collected 80 gold pieces.

Inventory:

Hand weapons
 a - a +1 dagger (weapon)
Armour
 b - a +1 robe (worn)
 m - a +0 cloak (worn)
Jewellery
 f - a ring of wizardry (left hand)
 k - a ring of sustain abilities (right hand)
Scrolls
 e - a scroll of immolation {unknown}
 g - a scroll of fog {unknown}
 h - a scroll of magic mapping {unknown}
 j - a scroll of identify {unknown}
Potions
 d - a potion of blood {@*1}
 i - a potion of haste {unknown}
 l - a potion of curing {unknown}
 n - a potion of flight {unknown}
Books
 c - a book of Maledictions

   Spells                             Type                      Level
   a - Corona                         Hexes                        1
   b - Sure Blade                     Hexes/Charms                 2
   c - Ensorcelled Hibernation        Hexes/Ice                    2
   d - Confuse                        Hexes                        3
   e - Dazzling Spray                 Conjuration/Hexes            3
   f - Enslavement                    Hexes                        4


   Skills:
 - Level 1.9 Short Blades
 - Level 2.1 Dodging
 - Level 4.8 Stealth
 - Level 2.0 Spellcasting
 - Level 4.9 Hexes
 + Level 2.5 Ice Magic


You had 3 spell levels left.
You knew the following spells:

 Your Spells              Type           Power        Failure   Level  Hunger
a - Corona                Hex            ###....      1%          1    #......
d - Ensorcelled Hibernat  Hex/Ice        ###...       3%          2    ###....


Dungeon Overview and Level Annotations

Branches:
Dungeon (2/15)

Altars:

Annotations:
D:2 Ijyb


Innate Abilities, Weirdness & Mutations

You heal slowly.
You can bottle blood from corpses.
You have razor-sharp teeth.
You have supernaturally acute eyesight.
You can survive without breathing.


Message History

* * * LOW HITPOINT WARNING * * *
You closely miss the adder.
The adder is heavily wounded.
The adder bites you.
* * * LOW HITPOINT WARNING * * *
You hit the adder.
The adder is severely wounded.
The adder bites you but does no damage.
You closely miss the adder.
The adder is severely wounded.
The adder bites you.
* * * LOW HITPOINT WARNING * * *
You hit the adder but do no damage. You bite the adder.
The adder is almost dead.
The adder bites you.
* * * LOW HITPOINT WARNING * * *
You closely miss the adder. Your bite misses the adder.
The adder is almost dead.
The adder bites you but does no damage. The goblin hits you with a club.
You die...

######### #.......# ####.......#
..##.......# #### ..##.......#
...### ..##......[###### #....#
..##............############....#
........))......@SgK.......+.>..#
######.........g###..............
.....+..........+..........'....#
.................................
######..........############....#
######..........# #.....
................# #.....
.........######## #.....
.........# ..?.#.


You could see Ijyb, an adder, a goblin and a kobold.

Vanquished Creatures
  An adder (D:2)
  3 gnolls (D:2)
  An ooze (D:2)
  A giant cockroach (D:1)
  5 hobgoblins (D:1)
  3 kobolds (D:1)
  A giant newt (D:2)
  3 goblins (D:1)
  9 rats
27 creatures vanquished.

Notes
Turn   | Place    | Note
--------------------------------------------------------------
     0 | D:1      | PolkaDot, the Vampire Enchanter, began the quest for the Orb.
     0 | D:1      | Reached XP level 1. HP: 13/13 MP: 3/3
   727 | D:1      | Reached XP level 2. HP: 19/19 MP: 4/4
   731 | D:1      | Learned a level 2 spell: Ensorcelled Hibernation
  1248 | D:2      | Reached skill level 1 in Ice Magic
  1248 | D:2      | Reached XP level 3. HP: 24/24 MP: 6/6
  1932 | D:2      | Noticed Ijyb
  1956 | D:2      | Slain by a goblin

Action                   || total
-------------------------++-------
Melee: Dagger            ||    92
 Cast: Corona            ||     5
       Ensorcelled Hiber ||     8
 Stab: Sleeping          ||     9
